 Dungeon Crawl Stone Soup version 0.31.0-12-g77e489cdc1 (webtiles) character file.

Game seed: 4511016879317821348

257 jagang the Trooper (level 6, -1/51 HPs)
             Began as a Human Monk on Feb 22, 2024.
             Slain by Pikel
             ... wielding a +0 whip of freezing
              (6 damage)
             ... on level 4 of the Dungeon.
             The game lasted 00:06:14 (2735 turns).

jagang the Trooper (Human Monk)                     Turns: 2735, Time: 00:06:15

Health: -1/51      AC:  7    Str: 21    XL:     6   Next: 16%
Magic:  6/6        EV: 13    Int: 15    God:
Gold:   160        SH:  0    Dex: 21    Spells: 5/5 levels left

rFire   . . .        D - +0 battleaxe
rCold   . . .        (shield currently unavailable)
rNeg    + . .        y - +4 robe of Augmentation {Str+4 Int+4 Dex+4}
rPois   .            (no helmet)
rElec   .            (no cloak)
rCorr   .            b - +0 pair of gloves
SInv    .            (no boots)
Will    .....        (no amulet)
Stlth   ++           m - +6 ring of strength
HPRegen 0.28/turn    w - ring of positive energy
MPRegen 0.10/turn

%: no passive effects
@: no status effects
A: explore regen
a: no special abilities


You were on level 4 of the Dungeon.
You visited 1 branch of the dungeon, and saw 4 of its levels.

You collected 160 gold pieces.

Inventory:

Hand Weapons
 a - a +0 falchion
 x - a +1 dagger of draining
 D - a +0 battleaxe (weapon)
Missiles
 F - 4 poisoned darts (quivered)
Armour
 b - a +0 pair of gloves (worn)
 d - an orb of light
 y - the +4 robe of Augmentation (worn) {Str+4 Int+4 Dex+4}
   (You found it on level 3 of the Dungeon)

   Str+4:     It affects your strength (+4).
   Int+4:     It affects your intelligence (+4).
   Dex+4:     It affects your dexterity (+4).
Jewellery
 m - a +6 ring of strength (left hand)
 r - a ring of resist corrosion
 w - a ring of positive energy (right hand)
 E - a ring of protection from cold
Scrolls
 g - a scroll of acquirement {unknown}
 h - 2 scrolls of torment {unknown}
 i - a scroll of fear {unknown}
 j - 3 scrolls of noise {unknown}
 o - a scroll of blinking {unknown}
 p - 2 scrolls of identify {unknown}
 q - a scroll of revelation {unknown}
 s - a scroll of fog {unknown}
 t - a scroll of brand weapon {unknown}
 u - a scroll of immolation {unknown}
 A - a scroll of enchant armour {unknown}
 B - a scroll of vulnerability {unknown}
Potions
 c - 3 potions of ambrosia
 e - a potion of berserk rage {unknown}
 f - 2 potions of heal wounds {unknown}
 k - 2 potions of attraction {unknown}
 l - a potion of resistance {unknown}
 n - a potion of lignification {unknown}
 v - a potion of curing {unknown}
 z - a potion of invisibility {unknown}
 C - a potion of degeneration {unknown}


   Skills:
 * Level 5.2 Fighting
 + Level 4.2 Long Blades
 + Level 2.6 Armour
 - Level 3.0 Dodging


You had 5 spell levels left.
You didn't know any spells.
Your spell library contained the following spells:

 Spells                   Type           Power      Damage    Failure   Level
 Tukima's Dance           Hex            0%         N/A       63%         3
 Passage of Golubria      Tloc           0%         N/A       95%         4
 Yara's Violent Unravell  Hex/Alch       0%         3d3       100%        5


Dungeon Overview and Level Annotations

Branches:
Dungeon (4/15)
 Temple: D:4-7

Altars:
Cheibriados
Qazlal
Xom

Annotations:
D:4 Pikel


Innate Abilities, Weirdness & Mutations

You regain HP and MP as you explore.


Message History

The lemure barely misses you.
You barely miss the lemure.
The lemure is heavily wounded.
An adder comes into view.
The lemure hits you!
Pikel, Merchant of Souls comes into view.
He is wielding a +0 whip of freezing.
The lemure hits you but does no damage.
The adder moves out of view.
You slash the lemure!
The lemure is almost dead.
The lemure barely misses you.
You closely miss Pikel.
Pikel hits you with a +0 whip of freezing.
Pikel freezes you.
You slash Pikel!
Pikel is moderately wounded.
Pikel barely misses you.
You hit Pikel.
Pikel is moderately wounded.
Pikel hits you with a +0 whip of freezing!
Pikel freezes you.
Pikel hits you with a +0 whip of freezing.
* * * LOW HITPOINT WARNING * * *
Pikel freezes you.
* * * LOW HITPOINT WARNING * * *
You barely miss Pikel.
Pikel is moderately wounded.
Pikel hits you but does no damage. Pikel closely misses you.
You hit Pikel.
Pikel is heavily wounded.
Pikel hits you with a +0 whip of freezing.
* * * LOW HITPOINT WARNING * * *
Pikel freezes you.
* * * LOW HITPOINT WARNING * * *
The lemure shouts!
You hit Pikel but do no damage.
Pikel is heavily wounded.
Pikel barely misses you.
Pikel hits you with a +0 whip of freezing.
You die...
Pikel says, "Another soul for the market."

##.#.#####
........>#
##.#.###.# #.#.# #.#
#.#.# #.# #.#.###.#
#.#.....#
#.#####.###########
##†#............@K5#
...#.###.#########5#
##.......# S.
#.......# ...
#.......# ...
#.......# ..
#.......# #### #
#.......###....
#...........#


You could see Pikel, 2 lemures and an adder.

Vanquished Creatures
  2 lemures (D:4)
  A scorpion (D:4)
  A bombardier beetle (D:3)
  2 hounds
  3 adders
  2 ufetubi (D:4)
  3 dart slugs
  An orc (D:4)
  5 ball pythons
  A bat (D:2)
  8 endoplasms
  7 goblins
  5 hobgoblins
  5 quokkas
  7 frilled lizards
  5 kobolds
  3 rats
61 creatures vanquished.

Notes
Turn   | Place    | Note
-------+----------+-------------------------------------------
     0 | D:1      | jagang the Human Monk began the quest for the Orb.
     0 | D:1      | Reached XP level 1. HP: 18/18 MP: 1/1
   160 | D:1      | Reached XP level 2. HP: 17/24 MP: 2/2
   637 | D:1      | Reached skill level 1 in Armour
   675 | D:1      | Reached XP level 3. HP: 20/29 MP: 3/3
  1729 | D:3      | Reached skill level 4 in Fighting
  1729 | D:3      | Reached XP level 4. HP: 31/37 MP: 4/4
  1941 | D:3      | Found the +4 robe of Augmentation {Str+4 Int+4 Dex+4}
  1980 | D:3      | Reached XP level 5. HP: 43/43 MP: 5/5
  2054 | D:3      | Found a snail-covered altar of Cheibriados.
  2054 | D:3      | Found a shimmering altar of Xom.
  2312 | D:4      | Reached skill level 5 in Fighting
  2345 | D:4      | Found a stormy altar of Qazlal.
  2374 | D:4      | Noticed a lemure
  2388 | D:4      | Reached XP level 6. HP: 50/51 MP: 6/6
  2728 | D:4      | Noticed Pikel
  2735 | D:4      | Slain by Pikel

Illustrated notes

Levels and vault maps discovered:
D:1:      dpeg_arrival_arbitrary_a, layout_basic
D:2:      wad_pebble_path, layout_basic
D:3:      layout_basic, nicolae_overflow_two_pavilions, fountainhead,
          minmay_statues_item
D:4:      layout_basic, mainiacjoe_overflow_cross_hatched,
          minmay_temple_entry_grid, minmay_pentomino_pile, uniq_pikel

Skill      XL: |  1  2  3  4  5 |
---------------+----------------+-----
Armour         | 1 2 |  2.6
Fighting       | 4 5 |  5.2
Long Blades    | 4 |  4.2
Dodging        | |  3.0

Action                     |  1- 3 |  4- 6 || total
---------------------------+-------+-------++-------
  Melee: Falchion          |    80 |    80 ||   160
         Battleaxe         |       |    24 ||    24
   Stab: Sleeping          |       |     1 ||     1
 Armour: Robe              |     4 |    60 ||    64
         Ring mail         |    30 |     4 ||    34
  Dodge: Dodged            |    42 |    86 ||   128
